AoeStats
← FrosttyyX

Arena

505377572Analyzed
1v1 RM · 23d ago on Sep 9, 2026· 39m 6s· 2 players
Game mode
Random Map
Map size
Tiny (2 player)
Population
200
Speed
Normal
Resources
Standard
Victory
Conquest
Starting age
Dark Age
Ending age
Imperial Age
RankedLock teamsTeams togetherTeam positionsShared explorationLock speedFull tech treeHidden civsTurbo modeCheats
Victory
Defeat
980
+16
🇦🇺 Cumans · Australia
976
-30
FrosttyyX
7:42 Loom
10:31 Feudal Age
17:33 Castle Age
20:31 Forging
20:42 Bloodlines
20:53 Double-Bit Axe
22:20 Fletching
23:54 Thumb Ring
24:43 Bow Saw
24:48 Padded Archer Armor
25:34 Wheelbarrow
25:58 Gold Mining
25:56 Horse Collar
26:49 Hand Cart
27:37 Scale Barding Armor
28:31 Town Watch
29:33 Iron Casting
28:53 Bodkin Arrow
29:14 Leather Archer Armor
31:44 Chain Barding Armor
32:11 Ballistics
32:04 Masonry
35:45 Imperial Age
34:04 Stone Mining
34:50 Gold Shaft Mining
37:36 Blast Furnace
37:11 Plate Barding Armor
37:10 Ring Archer Armor
38:38 Plate Barding Armor
Rodion Romanovich Raskolnikov
10:40 Feudal Age
9:26 Loom
14:37 Castle Age
12:47 Double-Bit Axe
13:02 Horse Collar
15:05 Wheelbarrow
15:55 Bow Saw
16:25 Fervor
25:12 Heavy Plow
25:33 Hand Cart
26:29 Pikeman
30:20 Imperial Age
30:10 Chemistry
31:06 Forging
30:57 Scale Mail Armor
32:22 Ballistics
32:10 Siege Engineers
34:34 Two-Man Saw
34:29 Halberdier
Connection lost

Rejoining the realm…

Still unreachable

The connection could not be restored.

Session expired

The server has moved on; the page needs a fresh start.